Description

My Protoss Immortal-Stalker build order, has worked great so far.

Replay - Disco Bloodbath LE (34)

Build Order

Get SALT Encoding   

  12  0:01  Probe  
  13  0:13  Probe  
  14  0:17  Pylon  
  14  0:25  Probe  
  15  0:36  Probe, Gateway  
  16  0:43  Assimilator  
  16  0:44  Probe  
  17  0:52  Probe  
  18  1:08  Probe  
  19  1:21  Nexus  
  19  1:24  Probe  
  20  1:33  Cybernetics Core, Probe  
  21  1:42  Pylon  
  21  1:48  Assimilator  
  21  1:53  Probe  
  23  2:10  Robotics Facility  
  23  2:14  Stalker  
  25  2:21  Pylon  
  27  2:43  Gateway  
  32  3:07  Immortal  
  32  3:12  Adept  
  39  3:20  Robotics Facility  
  39  3:26  Pylon  
  40  3:32  Adept  
  43  3:38  Pylon  
  47  3:48  Immortal  
  47  3:53  Stalker  
  49  4:02  Stalker  
  51  4:09  Immortal  
  55  4:23  Stalker  
  61  4:40  Immortal  
  61  4:41  Stalker  
  67  4:53  Immortal  
  67  4:55  Zealot  
  75  5:09  Gateway x2  
  75  5:25  Immortal  
  79  5:33  Gateway x2  
  81  5:56  Assimilator x2  
  71  6:13  Stalker x4  
  75  6:20  Immortal  
  79  6:31  Stalker  
  81  6:48  Nexus  
Spawning Tool Build Advisor. Get it on Overwolf

Analysis

My first build order after jumping into SC2 a few weeks ago since not having played since SC1 15 years ago!

Go to:

Details

  • Created by: SirThirst
  • Published on: Aug 20, 2019
  • Modified on: Aug 20, 2019
  • Patch: 4.7.1
Show
View Real Time Build Order
Export as new Build Order

Comments (0)

There are no comments. Be the first!

Create an account to comment!